 Dungeon Crawl Stone Soup version 0.25.1-2-g60ff931df9 (webtiles) character file.

Game seed: 3111313300545998752

31 Morbidden the Skirmisher (level 3, 0/29 HPs)
             Began as a Demonspawn Fighter on July 30, 2020.
             Slain by a rat (1 damage)
             ... on level 1 of the Dungeon.
             The game lasted 00:01:10 (661 turns).

Morbidden the Skirmisher (Demonspawn Fighter)        Turns: 661, Time: 00:01:11

Health: 0/29       AC:  2    Str: 17    XL:     3   Next: 7%
Magic:  3/3        EV:  7    Int:  9    God:
Gold:   26         SH:  8    Dex: 12    Spells: 2/2 levels left

rFire    . . .     SeeInvis .   a - +0 long sword
rCold    . . .     Gourm    .   c - +0 kite shield
rNeg     . . .     Faith    .   b - +0 scale mail
rPois    .         Spirit   .   (no helmet)
rElec    .         Reflect  .   (no cloak)
rCorr    .         Harm     .   (no gloves)
MR       .....                  (no boots)
Stlth    ..........             (no amulet)
HPRegen  0.09/turn              i - -4 ring of protection (curse)
MPRegen  0.08/turn              (no ring)

@: no status effects
A: demonic guardian 1
a: no special abilities


You were on level 1 of the Dungeon.
You were not hungry.

You visited 1 branch of the dungeon, and saw 1 of its levels.

You collected 26 gold pieces.

Inventory:

Hand Weapons
 a - a +0 long sword (weapon)
Missiles
 e - 6 poisoned darts (quivered)
Armour
 b - a +0 scale mail (worn)
 c - a +0 kite shield (worn)
Jewellery
 i - a cursed -4 ring of protection (left hand)
Potions
 d - a potion of might
 h - a potion of curing {unknown}
 j - a potion of resistance
Comestibles
 f - 2 rations
 g - a chunk of flesh


   Skills:
 + Level 3.3 Fighting
 + Level 2.2 Long Blades
 + Level 0.1 Throwing
 + Level 2.9 Armour
 + Level 0.6 Dodging
 + Level 2.9 Shields


You had 2 spell levels left.
You didn't know any spells.
Your spell library was empty.

Dungeon Overview and Level Annotations

Branches:
Dungeon (1/15)

Altars:


Innate Abilities, Weirdness & Mutations

A weak demonic guardian rushes to your aid.


Message History

The rat barely misses you.
You riposte.
You closely miss the rat. You block the goblin's attack.
The rat barely misses you. The rat bites you but does no damage.
You slash the rat!
You kill the rat!
You block the goblin's attack. The rat bites you.
* * * LOW HITPOINT WARNING * * *
The rat bites you.
* * * LOW HITPOINT WARNING * * *
The goblin hits you but does no damage.
Your shield and scale mail prevent you from hitting the rat.
The rat bites you.
* * * LOW HITPOINT WARNING * * *
The rat bites you.
* * * LOW HITPOINT WARNING * * *
The goblin closely misses you.
You riposte.
You hit the goblin.
The goblin is heavily wounded.
Your shield and scale mail prevent you from hitting the rat.
You block the rat's attack. The rat bites you.
You die...

......##.#)÷..##.##### #......
##....##.#.÷...#...... #......
...................... ........
##...........###...... #######.
#....##.#....##...... #.
#..####....#......... #. ##.##
##...##...##.# ####### #. #..#
#....##.### #.....# #.
#.######.##.#..r@# #.....####.
#.# #.......#..rg# #..(.......
#.###.##.#..##'#÷## #####...(..
#.#........#...#..## #......
#.#........#...##..# ##.)(##
..#............##.........#..)..#
.##............###.......!#.>.)..
...........#...# ###.!...##......
.#.........#...############......


You could see a goblin and 2 rats.

Vanquished Creatures
  3 bats (D:1)
  A giant cockroach (D:1)
  4 goblins (D:1)
  5 hobgoblins (D:1)
  4 frilled lizards (D:1)
  5 kobolds (D:1)
  6 rats (D:1)
28 creatures vanquished.

Notes
Turn   | Place    | Note
-------+----------+-------------------------------------------
     0 | D:1      | Morbidden the Demonspawn Fighter began the quest for the
                  | Orb.
     0 | D:1      | Reached XP level 1. HP: 18/18 MP: 1/1
   237 | D:1      | Gained mutation: A weak demonic guardian rushes to your
                  | aid. [demonic ancestry]
   237 | D:1      | Reached XP level 2. HP: 18/24 MP: 2/2
   525 | D:1      | Reached XP level 3. HP: 29/29 MP: 3/3
   660 | D:1      | HP: 1/29 [rat (2)]
   661 | D:1      | Slain by a rat

Illustrated notes

Levels and vault maps discovered:
D:1:      dpeg_arrival_ratfight, layout_rooms

Skill      XL: |  1  2 |
---------------+-------+-----
Long Blades    | 2 |  2.2
Fighting       | |  3.3
Throwing       | |  0.1
Armour         | |  2.9
Dodging        | |  0.6
Shields        | |  2.9

Action                   || total
-------------------------++-------
Melee: Long sword        ||    89
Throw: Dart              ||     1
  Use: Scroll            ||     2
Armor: Scale mail        ||    46
Dodge: Dodged            ||    44
Block: Kite shield       ||    46
       Rpst.: Long sword ||    17
